 Dungeon Crawl Stone Soup version 0.30.1-4-g462c640d31 (webtiles) character file.

Game seed: 9540994181658098685

3584 Heoruswealwe the Thaumaturge (level 9, 0/45 HPs)
             Began as a Deep Elf Conjurer on Aug 10, 2023.
             Was a Follower of Vehumet.
             Shot with an arrow by a centaur (3 damage)
             ... on level 8 of the Dungeon.
             The game lasted 01:11:07 (6396 turns).

Heoruswealwe the Thaumaturge (Deep Elf Conjurer)    Turns: 6396, Time: 01:11:08

Health: 0/45       AC: 13    Str:  4    XL:     9   Next: 85%
Magic:  8/28       EV: 12    Int: 34    God:    Vehumet [*.....]
Gold:   170        SH:  0    Dex: 13    Spells: 17/34 levels left

rFire   . . .        b - +5 scimitar
rCold   . . .        (no shield)
rNeg    . . .        c - +0 steam dragon scales
rPois   .            g - +2 helmet
rElec   .            h - +0 cloak
rCorr   .            f - +2 pair of gloves
SInv    .            e - +0 pair of boots
Will    +....        (no amulet)
Stlth   ++           k - ring of willpower
HPRegen 0.27/turn    j - +6 ring of intelligence
MPRegen 0.21/turn

%: no passive effects
@: no status effects
A: no striking features
a: Renounce Religion


You were on level 8 of the Dungeon.
You worshipped Vehumet.
Vehumet was aware of your devotion.
You visited 2 branches of the dungeon, and saw 9 of its levels.

You collected 469 gold pieces.
You spent 299 gold pieces at shops.

Inventory:

Hand Weapons
 a - the +10 morningstar "Zyruppua" {elec, +Blink Stlth+}
   (You took it off a crimson imp on level 7 of the Dungeon)

   +Blink:    It lets you blink.
   Stlth:     It makes you more stealthy.
 b - a +5 scimitar (weapon)
 A - a +0 war axe
Armour
 c - +0 steam dragon scales (worn)
 e - a +0 pair of boots (worn)
 f - a +2 pair of gloves (worn)
 g - a +2 helmet (worn)
 h - a +0 cloak (worn)
Jewellery
 j - a +6 ring of intelligence (right hand)
 k - a ring of willpower (left hand)
Wands
 n - a wand of paralysis (31)
 o - a wand of light (9)
 p - a wand of roots (14)
 y - a wand of mindburst (7)
Scrolls
 d - 5 scrolls of teleportation
 l - a scroll of blinking
 q - a scroll of fog
 r - a scroll of fear {unknown}
 u - a scroll of poison {unknown}
 x - 4 scrolls of magic mapping
 B - 2 scrolls of enchant armour
Potions
 i - a potion of attraction {unknown}
 m - 2 potions of lignification
 s - a potion of might {unknown}
 t - a potion of invisibility {unknown}
 v - 5 potions of flight
 w - a potion of mutation {unknown}
 C - a potion of haste {unknown}


   Skills:
 - Level 2.4 Dodging
 - Level 2.4 Stealth
 + Level 13.2 Spellcasting
 + Level 11.8 Conjurations


You had 17 spell levels left.
You knew the following spells:

 Your Spells              Type           Power      Damage    Failure   Level
a - Magic Dart            Conj           100%       1d8       0%          1
b - Shock                 Conj/Air       100%       1d9       1%          1
c - Static Discharge      Conj/Air       100%       2-7/arc   1%          2
d - Searing Ray           Conj           100%       2d8       1%          2
e - Dazzling Flash        Conj/Hex       100%       N/A       1%          3
f - Iskenderun's Mystic   Conj/Tloc      58%        2d12      1%          4
g - Fulminant Prism       Conj/Hex       29%        3d14      1%          4

Your spell library contained the following spells:

 Spells                   Type           Power      Damage    Failure   Level
 Tukima's Dance           Hex            22%        N/A       6%          3
 Airstrike                Air            11%        2d(2-18)  19%         4
 Passage of Golubria      Tloc           22%        N/A       19%         4
 Summon Lightning Spire   Summ/Air       22%        N/A       19%         4
 Yara's Violent Unravell  Hex/Tmut       11%        3d6       47%         5
 Simulacrum               Ice/Necr       11%        N/A       96%         6
 Ozocubu's Refrigeration  Ice            11%        4d9       100%        7
 Polar Vortex             Ice            11%        N/A       100%        9


Dungeon Overview and Level Annotations

Branches:
Dungeon (8/15)             Temple (1/1) D:6
   Lair: D:8-11

Altars:
Ashenzari
Cheibriados
Dithmenos
Elyvilon
Fedhas
Hepliaklqana
Kikubaaqudgha
Nemelex Xobeh
Okawaru
Qazlal
Ru
Sif Muna
Trog
Uskayaw
Vehumet
Wu Jian
Xom
Yredelemnul
Zin
The Shining One

Shops:
D:1 (   D:4 !


Message History

The bullfrog slams into the rock wall!
The bullfrog is almost dead.
The mystic blast hits the jelly!!
You kill the jelly!
Vehumet accepts your kill.
You hear a shout!
An orc comes into view. It is wielding a +0 flail.
You are too injured to fight recklessly!
Casting: Iskenderun's Mystic Blast (dangerous; 1% risk of failure)
Confirm with . or Enter, or press ? or * to list all spells.
Aiming: Magic Dart (safe; 0% risk of failure)
Press: ? - help, Shift-Dir - straight line, f/p - bullfrog
Aim: a bullfrog (almost dead, 100% to hit)
The magic dart hits the bullfrog.
You kill the bullfrog!
Vehumet accepts your kill.
Casting: Magic Dart (safe; 0% risk of failure)
Confirm with . or Enter, or press ? or * to list all spells.
Aiming: Magic Dart (safe; 0% risk of failure)
Press: ? - help, Shift-Dir - straight line, f - orc
Aim: an orc, wielding a +0 flail and wearing a +0 leather armour (100% to hit)
The magic dart hits the orc.
The orc is moderately wounded.
A centaur comes into view.
Casting: Magic Dart (safe; 0% risk of failure)
Confirm with . or Enter, or press ? or * to list all spells.
Aiming: Magic Dart (safe; 0% risk of failure)
Press: ? - help, Shift-Dir - straight line, f/p - orc
Aim: an orc, wielding a +0 flail and wearing a +0 leather armour (moderately wounded, 100% to hit)
The magic dart hits the orc.
The orc is almost dead.
The centaur wields a +0 shortbow.
The centaur shoots an arrow.
The arrow hits you!
* * * LOW HITPOINT WARNING * * *
Okay, then.
The centaur shoots an arrow.
The arrow hits you!
* * * LOW HITPOINT WARNING * * *
The centaur shoots an arrow.
The arrow hits you but does no damage.
The centaur shoots an arrow.
The arrow hits you.
You die...

#. #. .....# ......
.#.##.##....# .#...#
.......#....##.#.#.#
.........##o.#....#
..........<......#
.................##
.###c...).......###
#..##..........#
.....#####@......#
...##.## ##.....##
... .. .....# .. ...
.##.## . .... .. ##
#..#. .. ... ...


You could see a centaur and an orc.

Vanquished Creatures
  Erica (D:8)
  A steam dragon (D:7)
  4 vampire mosquitoes (D:6)
  A water moccasin (D:5)
  A sky beast (D:7)
  A black bear (D:7)
  An ogre (D:5)
  2 centaurs (D:6)
  A phantom (D:4)
  2 bullfrogs
  A scorpion (D:5)
  4 wights (D:7)
  4 killer bees (D:6)
  3 howler monkeys
  8 crimson imps (D:7)
  2 jellies
  5 hounds
  4 orc priests
  Crazy Yiuf (D:3)
  Terence (D:3)
  3 orc wizards
  3 sleepcaps
  2 iguanas
  4 gnolls (D:4)
  7 adders
  3 white imps (D:7)
  An ufetubus (D:4)
  A worm (D:4)
  A dart slug (D:1)
  20 orcs
  8 endoplasms
  2 goblins
  6 hobgoblins
  17 jackals
  8 kobolds
  3 quokkas
  9 ball pythons
  7 bats
  7 frilled lizards
  13 rats
173 creatures vanquished.

Vanquished Creatures (others)
  3 fulminant prisms (D:8)
3 creatures vanquished.

Grand Total: 176 creatures vanquished

Notes
Turn   | Place    | Note
-------+----------+-------------------------------------------
     0 | D:1      | Heoruswealwe the Deep Elf Conjurer began the quest for the
                  | Orb.
     0 | D:1      | Reached XP level 1. HP: 10/10 MP: 6/6
   170 | D:1      | Reached XP level 2. HP: 11/15 MP: 5/8
   173 | D:1      | Learned a level 2 spell: Searing Ray
   283 | D:1      | Found Onoippamm's Antique Weapon Shoppe.
   579 | D:1      | Reached skill level 4 in Spellcasting
   591 | D:1      | Reached skill level 5 in Conjurations
   591 | D:1      | Reached XP level 3. HP: 19/19 MP: 0/10
   595 | D:1      | Learned a level 3 spell: Dazzling Flash
  1004 | D:2      | Found a faded altar of an unknown god.
  1120 | D:2      | Reached XP level 4. HP: 24/24 MP: 8/12
  1125 | D:2      | Learned a level 4 spell: Fulminant Prism
  1286 | D:2      | Learned a level 2 spell: Static Discharge
  1382 | D:2      | You fall into a shaft and drop 1 floor!
  1473 | D:3      | Found a runed translucent door.
  1542 | D:3      | Noticed Crazy Yiuf
  1551 | D:3      | Killed Crazy Yiuf
  1552 | D:3      | Reached skill level 5 in Spellcasting
  1923 | D:2      | Reached XP level 5. HP: 28/28 MP: 11/14
  2024 | D:3      | Noticed Terence
  2034 | D:3      | Killed Terence
  2205 | D:3      | Found an ancient bone altar of Kikubaaqudgha.
  2825 | D:4      | Reached skill level 6 in Spellcasting
  2913 | D:4      | Reached XP level 6. HP: 32/32 MP: 10/17
  2919 | D:4      | Learned a level 4 spell: Iskenderun's Mystic Blast
  3099 | D:4      | Reached skill level 7 in Spellcasting
  3132 | D:4      | Found Jyriq's Distillery.
  3138 | D:4      | Bought a potion of flight for 39 gold pieces
  3138 | D:4      | Bought a potion of curing for 39 gold pieces
  3138 | D:4      | Bought a potion of lignification for 39 gold pieces
  3138 | D:4      | Bought a potion of heal wounds for 65 gold pieces
  3138 | D:4      | Bought a potion of curing for 39 gold pieces
  3138 | D:4      | Bought a potion of curing for 39 gold pieces
  3138 | D:4      | Bought a potion of flight for 39 gold pieces
  3220 | D:5      | Entered Level 5 of the Dungeon
  3443 | D:5      | Reached XP level 7. HP: 36/36 MP: 15/20
  3656 | D:5      | Reached skill level 8 in Spellcasting
  4087 | D:6      | Reached skill level 9 in Spellcasting
  4109 | D:6      | Noticed a vampire mosquito
  4109 | D:6      | Noticed a vampire mosquito
  4109 | D:6      | Noticed a vampire mosquito
  4111 | D:6      | Noticed a vampire mosquito
  4120 | D:6      | Killed a vampire mosquito
  4120 | D:6      | Killed a vampire mosquito
  4121 | D:6      | Reached XP level 8. HP: 15/41 MP: 12/23
  4125 | D:6      | Reached skill level 10 in Spellcasting
  4708 | D:6      | Found a staircase to the Ecumenical Temple.
  4715 | Temple   | Entered the Ecumenical Temple
  4715 | Temple   | Found a transporter.
  4715 | Temple   | Found a transporter.
  4717 | Temple   | Found a transporter.
  4717 | Temple   | Found a transporter.
  4748 | Temple   | Became a worshipper of Vehumet
  5025 | D:7      | Reached skill level 11 in Spellcasting
  5025 | D:7      | Reached skill level 10 in Conjurations
  5202 | D:7      | Reached XP level 9. HP: 45/45 MP: 21/26
  5574 | D:7      | Reached * piety under Vehumet
  5574 | D:7      | Offered knowledge of Shock by Vehumet.
  5574 | D:7      | Identified the +10 morningstar "Zyruppua" {elec, +Blink
                  | Stlth+}
  5575 | D:7      | Reached skill level 12 in Spellcasting
  5656 | D:7      | Learned a level 1 spell: Shock
  6378 | D:8      | Noticed Erica
  6389 | D:8      | Killed Erica
  6390 | D:8      | Reached skill level 13 in Spellcasting
  6396 | D:8      | Shot with an arrow by a centaur

Illustrated notes

Levels and vault maps discovered:
D:1:      amcnicky_arrival_feature_with_door, layout_basic, serial_shops, shop,
          minmay_gold_behind_fungi
D:2:      layout_loops_cross, ebering_ecumenical_altar_mist,
          kennysheep_big_empty_room
D:3:      layout_basic, mainiacjoe_overflow_alcove_2, serial_aquarium,
          aquarium_bridge_square [aquarium_subvault_wall,
          aquarium_subvault_bridge, aquarium_subvault_window,
          aquarium_subvault_bridge], aquarium_bridge_square
          [aquarium_subvault_bridge, aquarium_subvault_bridge,
          aquarium_subvault_wall, aquarium_subvault_wall], aquarium_window_2,
          aquarium_window_2, aquarium_view_2c, aquarium_view_2c,
          aquarium_balcony_3b, palyth_stone_intersect, minmay_misc_feat_five,
          uniq_crazy_yiuf_cottage, uniq_terence
D:4:      layout_basic, serial_shops, nicolae_shop_behind_doors
D:5:      layout_rooms, serial_curves, eino_curves_04, eino_curves_04,
          minmay_misc_feat_chi
D:6:      layout_basic, minmay_temple_entry_ruins
D:7:      layout_basic, st_stairs_9, minmay_nine_imps
D:8:      layout_cave_pools, lair_entry_dummy, uniq_erica, uniq_maggie
Temple:   hellmonk_temple_divided_pantheon

Skill      XL: |  1  2  3  4  5  6  7  8  9 |
---------------+----------------------------+-----
Spellcasting   | 4 5 6 7 9 11 13 | 13.2
Conjurations   | 5 6 7 8 10 11 | 11.8
Dodging        | |  2.4
Stealth        | |  2.4

Action                     |  1- 3 |  4- 6 |  7- 9 || total
---------------------------+-------+-------+-------++-------
  Melee: Unarmed           |    22 |       |       ||    22
         Punch             |     2 |       |       ||     2
         Long sword        |       |     3 |     2 ||     5
         Scimitar          |       |       |    16 ||    16
   Cast: Magic Dart        |    79 |   110 |   114 ||   303
         Searing Ray       |       |    12 |    24 ||    36
         Iskenderun's Myst |       |       |    18 ||    18
         Fulminant Prism   |       |       |     3 ||     3
    Use: Scroll            |       |     4 |     7 ||    11
         Potion            |       |       |    11 ||    11
 Armour: Robe              |     9 |    12 |    28 ||    49
         Steam dragon scal |       |       |     6 ||     6
  Dodge: Dodged            |    18 |    40 |    61 ||   119
